 Dungeon Crawl Stone Soup version 0.31-a0-233-g139696dc86 (webtiles) character file.

Game seed: 6390219792605653453

1904 rabbitsville the Cleaver (level 9, 0/84 HPs)
             Began as a Hill Orc Fighter on July 8, 2023.
             Was a Believer of the Shining One.
             Slain by a slime creature (10 damage)
             ... on level 6 of the Dungeon.
             The game lasted 00:10:06 (5111 turns).

rabbitsville the Cleaver (Hill Orc Fighter)         Turns: 5111, Time: 00:10:08

Health: 0/84       AC: -2    Str: 23    XL:     9   Next: 15%
Magic:  13/13      EV:  9    Int:  8    God:    the Shining One [**....]
Gold:   365        SH:  4    Dex: 10    Spells: 8/8 levels left

rFire   . . .        a - +0 war axe
rCold   + . .        c - +0 buckler
rNeg    + . .        b - +0 scale mail
rPois   .            n - +0 helmet
rElec   .            q - +0 cloak
rCorr   .            (no gloves)
SInv    .            (no boots)
Will    .....        u - amulet of faith Stlth
                     h - ring of protection from cold
HPRegen 0.34/turn    (no ring)
MPRegen 0.13/turn

%: faith
@: corroded, glowing
A: no striking features
a: Renounce Religion, Divine Shield


You were on level 6 of the Dungeon.
You worshipped the Shining One.
The Shining One was pleased with you.
You visited 1 branch of the dungeon, and saw 6 of its levels.

You collected 365 gold pieces.

Inventory:

Hand Weapons
 a - a +0 war axe (weapon)
Missiles
 m - 6 javelins
Armour
 b - a +0 scale mail (worn)
 c - a +0 buckler (worn)
 n - a +0 helmet (worn)
 q - a +0 cloak (worn)
Jewellery
 h - a ring of protection from cold (left hand)
 u - an amulet of faith (around neck)
 A - a ring of ice
Wands
 y - a wand of roots (10)
 z - a wand of flame (46)
Scrolls
 g - 6 scrolls of identify {unknown}
 j - 2 scrolls of amnesia {unknown}
 p - a scroll of immolation {unknown}
 r - a scroll of fear {unknown}
 t - a scroll of revelation {unknown}
 x - a scroll of teleportation {unknown}
 B - a scroll of enchant armour {unknown}
Potions
 d - 3 potions of might
 e - a potion of attraction {unknown}
 f - 5 potions of curing {unknown}
 i - a potion of cancellation {unknown}
 k - a potion of lignification {unknown}
 l - 3 potions of degeneration {unknown}
 o - 2 potions of heal wounds {unknown}
 s - 2 potions of enlightenment {unknown}
 v - a potion of brilliance {unknown}
 w - a potion of berserk rage {unknown}
 C - 2 potions of mutation {unknown}


   Skills:
 * Level 9.5 Fighting
 * Level 10.0 Axes
 - Level 3.2 Armour
 - Level 3.9 Shields
 + Level 6.0 Invocations


You had 8 spell levels left.
You didn't know any spells.
Your spell library contained the following spells:

 Spells                   Type           Power      Damage    Failure   Level
 Apportation              Tloc           0%         N/A       78%         1
 Necrotise                Necr           0%         1d4       78%         1
 Summon Small Mammal      Summ           0%         N/A       78%         1
 Blink                    Tloc           0%         N/A       89%         2
 Lesser Beckoning         Tloc           0%         N/A       89%         2
 Momentum Strike          Conj/Tloc      0%         3d8       89%         2
 Static Discharge         Conj/Air       0%         2-2/arc   89%         2
 Stone Arrow              Conj/Erth      0%         3d7       98%         3
 Airstrike                Air            0%         2d(0-16)  100%        4
 Animate Armour           Summ/Erth      0%         N/A       100%        4
 Summon Lightning Spire   Summ/Air       0%         N/A       100%        4
 Lehudib's Crystal Spear  Conj/Erth      0%         10d2      100%        8


Dungeon Overview and Level Annotations

Branches:
Dungeon (6/15)             Temple (0/1) D:4

Altars:
Ashenzari
Kikubaaqudgha
Nemelex Xobeh
The Shining One


Message History

You slice the jelly!!
You kill the jelly!
Your Axes skill increases to level 10!
Your Invocations skill increases to level 6!
You slash the endoplasm!
You kill the endoplasm!
You hit the jelly but do no damage. The acid corrodes you!
Your hands burn!
The jelly hits you but does no damage.
You hit the jelly.
Your hands burn!
The jelly is moderately wounded.
The jelly hits you.
You are splashed with acid!
You hit the jelly.
Your hands burn!
The jelly is severely wounded.
The jelly hits you. The acid corrodes you!
You are splashed with acid!
You hit the jelly.
Your hands burn!
The jelly is severely wounded.
You block the jelly's attack.
You hit the jelly. The acid corrodes you!
Your hands burn!
The jelly is almost dead.
The jelly completely misses you. The jelly hits you.
You are splashed with acid!
* * * LOW HITPOINT WARNING * * *
You slash the jelly!
You kill the jelly!
Things that are here:
a +0 short sword; a kobold corpse The slime creature attacks as you move away!
The slime creature hits you!
* * * LOW HITPOINT WARNING * * *
You hit the slime creature.
The slime creature is lightly wounded.
The slime creature hits you.
* * * LOW HITPOINT WARNING * * *
You hit the slime creature but do no damage.
The slime creature is lightly wounded.
The slime creature barely misses you.
You hit the slime creature.
The slime creature is lightly wounded.
The slime creature hits you!
You die...

#.##.###.....##
##.♣
#.##.##.......#
#.♣# #
#.##.##.......#
#..♣♣♣
#.##.##.......#
#.....
#....##)......#
####..
##########)...#
#.# ##..'....#
#.. #.########
### ##@JJJ.J##
#######'#
J.÷J÷JJ..#


JPJP.P.J.# JP..JJ.J.# ...J.P...# ...PJP...# ## $PJP.÷.P.# #. ########## #. You
could see 3 slime creatures and an endoplasm.

Vanquished Creatures
  2 water moccasins
  An ice beast (D:6)
  2 ogres
  A centaur (D:5)
  2 phantoms
  3 kobold brigands
  3 scorpions
  A howler monkey (D:5)
  2 jellies (D:6)
  3 hounds
  A gnoll bouda (D:6)
  2 orc priests
  3 iguanas
  Terence (D:2)
  A sleepcap (D:4)
  4 orc wizards
  7 adders
  8 gnolls
  2 white imps
  4 ufetubi
  2 worms
  2 dart slugs
  24 orcs
  4 bats
  7 endoplasms
  3 giant cockroaches
  13 goblins
  12 hobgoblins
  4 jackals (D:3)
  2 quokkas
  7 ball pythons
  4 frilled lizards
  11 kobolds
  5 rats
153 creatures vanquished.

Notes
Turn   | Place    | Note
-------+----------+-------------------------------------------
     0 | D:1      | rabbitsville the Hill Orc Fighter began the quest for the
                  | Orb.
     0 | D:1      | Reached XP level 1. HP: 19/19 MP: 1/1
    47 | D:1      | Reached skill level 3 in Axes
    69 | D:1      | Reached XP level 2. HP: 27/27 MP: 2/2
   654 | D:2      | Reached XP level 3. HP: 33/33 MP: 3/3
   907 | D:2      | Found a faded altar of an unknown god.
   972 | D:2      | Noticed Terence
   988 | D:2      | Killed Terence
   989 | D:2      | Reached skill level 4 in Axes
   989 | D:2      | Reached XP level 4. HP: 30/41 MP: 4/4
  1413 | D:3      | Found a sparkling altar of Nemelex Xobeh.
  1552 | D:3      | Found an ancient bone altar of Kikubaaqudgha.
  1552 | D:3      | Found a broken altar of Ashenzari.
  1552 | D:3      | Found a glowing golden altar of the Shining One.
  1568 | D:3      | Became a worshipper of the Shining One
  1736 | D:3      | Reached skill level 5 in Fighting
  1933 | D:3      | Reached XP level 5. HP: 48/48 MP: 5/5
  1941 | D:3      | Reached skill level 1 in Invocations
  2088 | D:4      | Reached skill level 5 in Axes
  2239 | D:4      | Noticed an ogre
  2245 | D:4      | Killed an ogre
  2246 | D:4      | Reached XP level 6. HP: 54/57 MP: 5/7
  2484 | D:4      | Reached skill level 6 in Axes
  2499 | D:4      | Reached XP level 7. HP: 25/64 MP: 7/9
  2764 | D:4      | Found a staircase to the Ecumenical Temple.
  2778 | D:4      | Reached * piety under the Shining One
  3262 | D:5      | Entered Level 5 of the Dungeon
  3283 | D:5      | Reached skill level 7 in Axes
  3487 | D:5      | Reached XP level 8. HP: 28/73 MP: 9/11
  3676 | D:5      | Reached skill level 8 in Axes
  4177 | D:5      | Reached ** piety under the Shining One
  4255 | D:6      | Reached skill level 5 in Invocations
  4566 | D:6      | Reached skill level 9 in Axes
  4897 | D:6      | Identified the +10 short sword "Beetleslayer" {chaos, Fly}
  4924 | D:6      | Reached XP level 9. HP: 64/83 MP: 13/13
  5099 | D:6      | Reached skill level 10 in Axes
  5111 | D:6      | Slain by a slime creature

Illustrated notes

Levels and vault maps discovered:
D:1:      lemuel_arrival_lava_pool, layout_basic, hex_intersection
D:2:      cheibrodos_greedy_goblins, layout_basic,
          chequers_ecumenical_altar_simple, uniq_terence
D:3:      layout_loops_ring, chequers_temple_overflow_statue_of_worship,
          nemelex_spade_bored_becter, kennysheep_cross_bottleneck
D:4:      kb_forest_paths, layout_loops_ring, minmay_temple_entry_nine_rooms
D:5:      layout_basic, serial_glass, glass_columns_b, glass_columns_a,
          due_unseen_surprise
D:6:      cheibrodos_fertilizer, layout_basic, minmay_stone_trees_large,
          minmay_hedge_maze, grunt_ministairs_6

Skill      XL: |  1  2  3  4  5  6  7  8  9 |
---------------+----------------------------+-----
Axes           | 3 4 5 6 7 9 10 | 10.0
Fighting       | 4 5 6 7 9 |  9.5
Invocations    | 2 4 5 6 |  6.0
Armour         | |  3.2
Shields        | |  3.9

Action                     |  1- 3 |  4- 6 |  7- 9 || total
---------------------------+-------+-------+-------++-------
  Melee: War axe           |    86 |   158 |   223 ||   467
 Armour: Scale mail        |    29 |    79 |    74 ||   182
  Dodge: Dodged            |    46 |    69 |   108 ||   223
  Block: Buckler           |    29 |    25 |    52 ||   106

Table legend: (Time is in decaauts)
 A = Elapsed time spent in this place.
 B = Non-inter-level travel time spent in this place.
 C = Inter-level travel time spent in this place.
 D = Time resting spent in this place.
 E = Time spent auto-exploring this place.
 F = Levels seen in this place.
 G = Mean time per level.
                   A        B        C        D        E       F      G
               +--------+--------+--------+--------+--------+-----+--------+
         Total |   5214 |   5075 |    139 |    169 |   3357 |   6 |  869.0 |
       Dungeon |   5214 |   5075 |    139 |    169 |   3357 |   6 |  869.0 |
               +--------+--------+--------+--------+--------+-----+--------+

Top non-repeatable levels by time:
     D:4: 1210 daAuts
     D:5: 1139 daAuts
     D:3: 824 daAuts
     D:6: 730 daAuts
     D:2: 720 daAuts
     D:1: 587 daAuts
